cohdb
Replays
Latest Replays
All Replays
Popular Replays
Top Player Replays
Match Explorer
How It Works
Community
CoH3 Stats
Reddit
Sign in to upload your games and track your stats! →
Sign in with Steam
Match 46490549
Unlisted
Match 46490549
Overview
Messages
Build Orders
End
Selects Airborne Battlegroup
Selects Heavy Machine Gun Paradrop
Engineer Squad
Heavy Machine Gun Paradrop
Engineer Squad
Heavy Machine Gun Paradrop
Construct Medical Station
Selects Paratrooper Squad Paradrop
Paratrooper Squad Paradrop
Air Support Center
Construct Barracks
Grasshopper Recon Run
P-47 Dive Bomb
Construct Motor Pool
M8 Greyhound Armored Car
Air Supply
Grasshopper Recon Run
M1 Anti-tank Gun Team
P-47 Strafing Run
Paratrooper Squad Paradrop
Construct Tank Depot
Grasshopper Recon Run
Blade 407
Copper
Seven
mi prima de Cifuentes
0
0
Comments
sign in to comment!
No comments posted yet!